 Dungeon Crawl Stone Soup version 0.25.1-2-g60ff931df9 (webtiles) character file.

Game seed: 3581187204800970160

51 Impeuri the Charlatan (level 3, -6/27 HPs)
             Began as a Demonspawn Artificer on Aug 24, 2020.
             Splashed by Ijyb's acid (12 damage)
             ... on level 2 of the Dungeon.
             The game lasted 00:01:47 (1492 turns).

Impeuri the Charlatan (Demonspawn Artificer)        Turns: 1492, Time: 00:01:48

Health: -6/27      AC:  3    Str: 13    XL:     3   Next: 57%
Magic:  5/5        EV: 12    Int: 12    God:
Gold:   46         SH:  0    Dex: 13    Spells: 2/2 levels left

rFire    . . .     SeeInvis .   g - +4 hand axe
rCold    . . .     Gourm    .   (no shield)
rNeg     . . .     Faith    .   b - +0 leather armour
rPois    .         Spirit   .   (no helmet)
rElec    .         Reflect  .   (no cloak)
rCorr    .         Harm     .   (no gloves)
MR       .....                  (no boots)
Stlth    +.........             (no amulet)
HPRegen  0.09/turn              (no ring)
MPRegen  0.09/turn              (no ring)

@: no status effects
A: talons 1
a: no special abilities


You were on level 2 of the Dungeon.
You were not hungry.

You visited 1 branch of the dungeon, and saw 2 of its levels.

You collected 46 gold pieces.

Inventory:

Hand Weapons
 a - a +0 short sword
 g - a +4 hand axe (weapon)
Armour
 b - a +0 leather armour (worn)
Wands
 c - a wand of flame (15)
 d - a wand of enslavement (13)
 e - a wand of random effects (15)
Scrolls
 h - a scroll of amnesia {unknown}
 i - 2 scrolls of identify {unknown}
 n - a scroll of blinking {unknown}
 o - a scroll of fear {unknown}
Potions
 j - a potion of berserk rage {unknown}
 l - a potion of flight {unknown}
 m - a potion of brilliance {unknown}
Comestibles
 f - a ration
 k - 2 chunks of flesh


   Skills:
 + Level 2.1 Fighting
 - Level 1.1 Short Blades
 + Level 1.2 Axes
 + Level 1.5 Armour
 - Level 1.7 Dodging
 - Level 0.8 Stealth
 - Level 3.0 Evocations


You had 2 spell levels left.
You didn't know any spells.
Your spell library was empty.

Dungeon Overview and Level Annotations

Branches:
Dungeon (2/15)

Altars:

Annotations:
D:2 Ijyb


Innate Abilities, Weirdness & Mutations

You have sharp toenails.


Message History

The goblin shouts! x2
The goblin hits you with a +0 dagger.
You hit the goblin.
You kill the goblin!
You hit the goblin. You claw the goblin.
You kill the goblin!
The goblin barely misses you.
Things that are here:
a +0 club; a +0 dagger You closely miss Ijyb.
You claw Ijyb, but do no damage. You barely miss the goblin. Ijyb hits you.
The goblin completely misses you.
You hit the goblin.
You kill the goblin!
You hit the goblin.
You kill the goblin!
You hit Ijyb.
Ijyb zaps a wand.
The bolt of acid hits you!
Ouch! That really hurt!
* * * LOW HITPOINT WARNING * * *
You are splashed with acid!
You die...

#.#.#...#.# ..
#.#.....#.# #.# .######
#.#..<#.#.###.###.8.8.8.
#.#.....#.#...##........
..#.#...#(#...##........
#.####................
#.. +.........g......
### #........).......
#.....(..@g8.8.8.
#......††.#######
#......)..# ########..#
##.# #.. ...# .... ..#


You could see Ijyb and a goblin.

Vanquished Creatures
  2 adders (D:2)
  A dart slug (D:1)
  A ball python (D:2)
  A giant cockroach (D:2)
  6 goblins (D:2)
  3 hobgoblins
  2 jackals (D:1)
  3 bats
  A frilled lizard (D:1)
  6 kobolds
  2 rats
28 creatures vanquished.

Vanquished Creatures (collateral kills)
  A jackal (D:1)
1 creature vanquished.

Grand Total: 29 creatures vanquished

Notes
Turn   | Place    | Note
-------+----------+-------------------------------------------
     0 | D:1      | Impeuri the Demonspawn Artificer began the quest for the
                  | Orb.
     0 | D:1      | Reached XP level 1. HP: 15/15 MP: 3/3
   225 | D:1      | Reached skill level 1 in Short Blades
   631 | D:1      | Gained mutation: You have sharp toenails. [demonic
                  | ancestry]
   631 | D:1      | Reached XP level 2. HP: 2/21 MP: 4/4
  1078 | D:2      | Reached skill level 1 in Armour
  1284 | D:2      | Reached skill level 1 in Axes
  1284 | D:2      | Reached XP level 3. HP: 25/27 MP: 5/5
  1486 | D:2      | Noticed Ijyb
  1492 | D:2      | Splashed by Ijyb's acid

Illustrated notes

Levels and vault maps discovered:
D:1:      erik_arrival_blinker_ship, layout_basic, kennysheep_minor_cross,
          lemuel_old_faithful
D:2:      kennysheep_the_goblin_king, layout_basic, okawaru_gym_becter

Skill      XL: |  1  2  3 |
---------------+----------+-----
Short Blades   | 1 |  1.1
Armour         | 1 |  1.5
Axes           | 1 |  1.2
Fighting       | 2 |  2.1
Dodging        | |  1.7
Stealth        | |  0.8
Evocations     | |  3.0

Action                   || total
-------------------------++-------
Melee: Short sword       ||    31
       Hand axe          ||    59
       Kick              ||     7
Evoke: Wand              ||     2
 Stab: Sleeping          ||     2
  Eat: Chunk             ||     2
Armor: Leather armour    ||    16
Dodge: Dodged            ||    76
